 Dungeon Crawl Stone Soup version 0.24.0-125-gc4c63601f3 (webtiles) character file.

Game seed: 14190752036646146549, levelgen mode: deterministic

167 Descartes the Grasshopper (level 5, 0/23 HPs)
             Began as a Felid Warper on Mar 8, 2020.
             Killed from afar by Natasha (9 damage)
             ... with a magic dart
             ... on level 4 of the Dungeon.
             The game lasted 00:08:48 (6470 turns).

Descartes the Grasshopper (Felid Warper)            Turns: 6470, Time: 00:08:49

Health: 0/23       AC:  1    Str:  8    XL:     5   Next: 23%
Magic:  10/10      EV: 19    Int: 14    God:
Gold:   247        SH:  0    Dex: 16    Spells: 6/10 levels left
                                        Lives:  0   Deaths: 1

rFire    . . .     SeeInvis +     - Unarmed
rCold    . . .     Gourm    .   (shield unavailable)
rNeg     + . .     Faith    .   (armour unavailable)
rPois    .         Spirit   .   (helmet unavailable)
rElec    .         Reflect  .   (cloak unavailable)
rCorr    .         Harm     .   (gloves unavailable)
MR       .....                  (boots unavailable)
Stlth    +++.......             (no amulet)
HPRegen  0.07/turn              f - ring of positive energy
MPRegen  0.12/turn              (no ring)

@: quick
A: very small, no armour, no weapons or thrown items, stealth, claws 1, fangs 3,
see invisible, carnivore, speed 1, shaggy fur 1, slow metabolism 1, sharp paws
a: no special abilities


You were on level 4 of the Dungeon.
You were full.

You visited 1 branch of the dungeon, and saw 4 of its levels.

You collected 247 gold pieces.

Inventory:

Missiles
 h - 120 stones
Jewellery
 f - a ring of positive energy (left paw)
Scrolls
 b - a scroll of blinking
 d - 3 scrolls of amnesia
 j - 3 scrolls of remove curse
 m - 2 scrolls of teleportation {unknown}
 n - a scroll of fear {unknown}
Potions
 e - 3 potions of curing
 g - a potion of degeneration {unknown}
 i - 3 potions of haste
 k - a potion of lignification {unknown}
 l - 2 potions of might {unknown}
 o - a potion of heal wounds {unknown}
 q - a potion of cancellation {unknown}
Comestibles
 c - 3 rations


   Skills:
 + Level 2.7 Fighting
 + Level 4.1 Dodging
 * Level 3.8 Stealth
 * Level 3.5 Unarmed Combat
 - Level 3.0 Spellcasting
 + Level 1.3 Charms
 - Level 5.0 Translocations


You had 6 spell levels left.
You knew the following spells:

 Your Spells              Type           Power        Failure   Level  Hunger
a - Blink                 Tloc           N/A          4%          2    ##.....
b - Shroud of Golubria    Chrm/Tloc      ##....       9%          2    ##.....

Your spell library contained the following spells:

 Spells                   Type           Power        Failure   Level  Hunger
 Gell's Gravitas          Tloc           ###.......   9%          3    ###....
 Lesser Beckoning         Tloc           ###.......   9%          3    ###....
 Teleport Other           Tloc           ###.....     9%          3    ###....
 Passage of Golubria      Tloc           N/A          26%         4    #####..


Dungeon Overview and Level Annotations

Branches:
Dungeon (4/15)
 Temple: D:4-7

Altars:
Okawaru

Annotations:
D:4 Natasha


Innate Abilities, Weirdness & Mutations

You cannot wear armour.
You are incapable of wielding weapons or throwing items.
Your paws allow you to move quietly. (Stealth)
You have sharp claws.
You have razor-sharp teeth.
You have supernaturally acute eyesight. (SInv)
You are carnivorous and can eat meat at any time.
You cover ground quickly.
You are covered in fur. (AC +1)
You have a slow metabolism.
Your sharp claws are effective at attacking unaware monsters.


Message History

You kill the ooze!
Natasha stares at you and mumbles some strange words.
The magic dart hits you. Natasha completely misses you.
You scratch Natasha.
Natasha is moderately wounded.
Natasha barely misses you.
You barely miss Natasha.
Natasha is moderately wounded.
Natasha claws you!
You scratch Natasha.
Natasha is severely wounded.
Natasha closely misses you.
You scratch Natasha.
Natasha is almost dead.
You barely miss Natasha.
Natasha is almost dead.
Natasha casts a spell at you. The magic dart hits you!
You die...

#....#.....## #....
##......##..##.#.... #.
#.......# ...#...... .#..
###...##...........
....###...#......h.##....
#....<.##......###.....
.#......###..?.[........
#.......h#......#........
#.......@.#....##.##.....
............?............
..........#..............
.........##......##......
..........# ....#........
.........# #.##.......<
##......... .....##....
#.......#### ...........
........# ...........


You could see Natasha.

Vanquished Creatures
  A hound (D:3)
  Natasha (D:4)
  2 worker ants
  A worker ant zombie (D:3)
  4 gnolls
  4 adders
  An ooze (D:4)
  An adder skeleton (D:4)
  2 worms (D:2)
  2 dart slugs
  An orc (D:3)
  3 giant cockroaches
  7 goblins
  7 hobgoblins
  A quokka (D:3)
  12 bats
  4 frilled lizards
  3 kobolds
  23 rats
80 creatures vanquished.

Notes
Turn   | Place    | Note
-------+----------+-------------------------------------------
     0 | D:1      | Descartes the Felid Warper began the quest for the Orb.
     0 | D:1      | Reached XP level 1. HP: 9/9 MP: 4/4
   650 | D:1      | Reached skill level 1 in Stealth
   650 | D:1      | Reached XP level 2. HP: 13/13 MP: 6/6
  1143 | D:1      | Reached XP level 3. HP: 16/16 MP: 7/7
  2337 | D:2      | Reached XP level 4. HP: 1/20 MP: 8/8
  3025 | D:3      | Learned a level 2 spell: Blink
  3028 | D:3      | Learned a level 2 spell: Shroud of Golubria
  4390 | D:3      | Reached XP level 5. HP: 17/23 MP: 10/10
  4962 | D:4      | Found an iron altar of Okawaru.
  4981 | D:4      | Noticed Natasha
  4994 | D:4      | Killed Natasha
  5267 | D:4      | Reached skill level 1 in Charms
  5336 | D:4      | Reached skill level 5 in Translocations
  5353 | D:4      | Noticed Natasha
  5534 | D:3      | HP: 1/23 [worker ant (1)]
  5535 | D:3      | Succumbed to a worker ant's poison
  5536 | D:3      | Reached XP level 4. HP: 0/20 MP: 9/9
  5742 | D:3      | Reached XP level 5. HP: 10/23 MP: 10/10
  6470 | D:4      | Killed from afar by Natasha

Levels and vault maps discovered:
D:1:      erik_arrival_triangle_small, layout_basic, st_stairs_3
D:2:      layout_rooms
D:3:      layout_loops_ring, first_ration, minmay_rat_hole
D:4:      layout_cave_pools, okawaru_ov_weapons_minmay, uniq_natasha

Skill      XL: |  1  2  3  4  5 |
---------------+----------------+-----
Stealth        | 1 2 3 |  3.8
Unarmed Combat | 3 |  3.5
Spellcasting   | 3 |  3.0
Charms         | 1 |  1.3
Translocations | 5 |  5.0
Dodging        | 4 |  4.1
Fighting       | |  2.7

Action                   |  1- 3 |  4- 6 || total
-------------------------+-------+-------++-------
Melee: Unarmed           |   132 |   186 ||   318
       Bite              |     7 |    18 ||    25
       Punch             |     1 |     4 ||     5
  Use: Scroll            |       |     4 ||     4
 Stab: Sleeping          |     5 |     4 ||     9
  Eat: Chunk             |    10 |     9 ||    19
Armor: Skin              |     6 |     7 ||    13
Dodge: Dodged            |    86 |   164 ||   250
